cohdb
Replays
Latest Replays
All Replays
Popular Replays
Top Player Replays
Match Explorer
How It Works
Community
CoH3 Stats
Reddit
Sign in to upload your games and track your stats! →
Sign in with Steam
Match 43598822
Unlisted
Match 43598822
Overview
Messages
Build Orders
End
250 Light Carrier
Panzergrenadier Squad
Panzergrenadier Squad
Construct Light Support Kompanie
Selects Italian Infantry
2.5-tonne Medical Truck
Selects Defensive Operations
Fire Support Elements
Panzerjäger Mechanized Group
Flakvierling Half-track
Vehicle Survival Package
Construct Mechanized Kompanie
Selects Prepared Positions
Construct Panzerarmee Kommand
Theportuguesespirit
JODLASTY
Mustache and Melons
Roiter Motorsports
SpookyMayo
zharartm
0
0
Comments
sign in to comment!
No comments posted yet!